 Dungeon Crawl Stone Soup version 0.27.0-1-g7a089689b8 (webtiles) character file.

Game seed: 15206352781441423858

2 SnakkuSnakku7 the Caller (level 1, 0/14 HPs)
             Began as a Demigod Summoner on Aug 2, 2021.
             Frozen to death by an endoplasm (5 damage)
             ... on level 1 of the Dungeon.
             The game lasted 00:00:17 (113 turns).

SnakkuSnakku7 the Caller (Demigod Summoner)          Turns: 113, Time: 00:00:17

Health: 0/14       AC:  2    Str:  9    XL:     1   Next: 26%
Magic:  3/5        EV: 12    Int: 17    God:
Gold:   0          SH:  0    Dex: 14    Spells: 2/3 levels left

rFire    . . .     SeeInvis .   d - +0 hand axe
rCold    . . .     Faith    .   (no shield)
rNeg     . . .     Spirit   .   a - +0 robe
rPois    .         Reflect  .   (no helmet)
rElec    .         Harm     .   (no cloak)
rCorr    .         Rampage  .   (no gloves)
Will     .....                  (no boots)
Stlth    ++........             (no amulet)
HPRegen  0.04/turn              (no ring)
MPRegen  0.09/turn              (no ring)

@: no status effects
A: high mp 1, forlorn
a: no special abilities


You were on level 1 of the Dungeon.
You visited 1 branch of the dungeon, and saw 1 of its levels.

Inventory:

Hand Weapons
 d - a +0 hand axe (weapon)
Armour
 a - a +0 robe (worn)
 b - a +0 kite shield
Scrolls
 c - a scroll of magic mapping {unknown}


   Skills:
 - Level 1.7 Dodging
 - Level 1.7 Stealth
 - Level 1.7 Spellcasting
 + Level 3.7 Summonings


You had 2 spell levels left.
You knew the following spells:

 Your Spells              Type           Power      Damage    Failure   Level
a - Summon Small Mammal   Summ           56%        N/A       4%          1

Your spell library contained the following spells:

 Spells                   Type           Power      Damage    Failure   Level
 Call Imp                 Summ           14%        N/A       6%          2
 Call Canine Familiar     Summ           14%        N/A       13%         3
 Summon Guardian Golem    Hex/Summ       7%         N/A       28%         3
 Summon Lightning Spire   Summ/Air       7%         N/A       67%         4


Dungeon Overview and Level Annotations

Branches:
Dungeon (1/15)


Innate Abilities, Weirdness & Mutations

Your attributes grow dramatically as you level up.
You have an increased reservoir of magic. (+10% MP)
You shall have no god before yourself.


Message History

An endoplasm comes into view.
The ball python hisses angrily.
The hobgoblin hits you.
You hit the hobgoblin but do no damage. The hobgoblin completely misses you.
The hobgoblin hits you.
You are too injured to fight recklessly!
Casting: Summon Small Mammal (safe; 4% risk of failure)
Confirm with . or Enter, or press ? or * to list all spells.
You miscast Summon Small Mammal.
You are very lightly contaminated with residual magic.
Nothing appears to happen.
The hobgoblin closely misses you.
You closely miss the hobgoblin. The hobgoblin barely misses you.
Casting: Summon Small Mammal (safe; 4% risk of failure)
Confirm with . or Enter, or press ? or * to list all spells.
The hobgoblin misses you.
You hit the hobgoblin.
The hobgoblin is almost dead.
The hobgoblin barely misses you.
You hit the hobgoblin.
You kill the hobgoblin!
The ball python closely misses you. x2
Your quokka closely misses the ball python.
Unknown command.
You hit the ball python.
The ball python is severely wounded.
The ball python bites you. The ball python barely misses you.
Your quokka bites the ball python.
The ball python dies!
Your magical contamination has completely faded away.
The endoplasm barely misses you.
Things that are here:
a ball python corpse; a hobgoblin corpse Unknown command.
Unknown command.
You hit the endoplasm.
The endoplasm is moderately wounded.
Your quokka bites the endoplasm but does no damage.
The endoplasm freezes you.
You are frozen.
You die...

............!..
#..$.........#
#............#
#...J........#
#............#
########.##### #.#
#J## #r@####
##....### #.##...#
#......# ###
#.###..# ..######
##.# # ..##...#
###.## .....<.##
###....#
..##....###...#..#


You could see an endoplasm (ally target) and a friendly quokka (summoned).

Vanquished Creatures
  A hobgoblin (D:1)
1 creature vanquished.

Vanquished Creatures (collateral kills)
  A ball python (D:1)
1 creature vanquished.

Grand Total: 2 creatures vanquished

Notes
Turn   | Place    | Note
-------+----------+-------------------------------------------
     0 | D:1      | SnakkuSnakku7 the Demigod Summoner began the quest for the
                  | Orb.
     0 | D:1      | Reached XP level 1. HP: 14/14 MP: 5/5
   113 | D:1      | Frozen to death by an endoplasm

Illustrated notes

Levels and vault maps discovered:
D:1:      dpeg_arrival_round_c, layout_basic, minmay_pentomino_u2

Action                   || total
-------------------------++-------
Melee: Hand axe          ||     6
 Cast: Summon Small Mamm ||     1
Dodge: Dodged            ||     9
